 Dungeon Crawl Stone Soup version 0.30-a0-709-gcdc1b43e22 (webtiles) character file.

Game seed: 11234563558444690609

212 Bnni the Vexing (level 6, -7/41 (44) HPs)
             Began as a Formicid Hexslinger on Jan 22, 2023.
             Killed by divine providence
             ... invoked by an orc priest
              (11 damage)
             ... on level 3 of the Dungeon.
             The game lasted 00:07:16 (3000 turns).

Bnni the Vexing (Formicid Hexslinger)               Turns: 3000, Time: 00:07:16

HP:   -7/41 (44)    AC:  3    Str: 14    XL:     6   Next: 14%
MP:   5/9           EV: 12    Int: 13    God:
Gold: 183           SH:  0    Dex: 16    Spells: 1/9 levels left

rFire   . . .      SeeInvis +    a - +1 sling
rCold   . . .      Faith    .    (no shield)
rNeg    . . .      Spirit   .    c - +0 robe
rPois   .          Reflect  .    (helmet unavailable)
rElec   .          Harm     .    (no cloak)
rCorr   .          Rampage  .    t - +0 pair of gloves
Will    .....                    (no boots)
Stlth   +                        (no amulet)
HPRegen 0.26/turn                g - ring of wizardry
MPRegen 0.11/turn                (no ring)

@: drained
A: permanent stasis, dig shafts and tunnels, antennae 3, four strong arms
a: Dig, Shaft Self


You were on level 3 of the Dungeon.
You visited 1 branch of the dungeon, and saw 4 of its levels.

You collected 183 gold pieces.

Inventory:

Hand Weapons
 a - a +1 sling (weapon)
Missiles
 d - 11 poisoned darts
 u - 2 curare-tipped darts
Armour
 c - a +0 robe (worn)
 t - a +0 pair of gloves (worn)
Jewellery
 g - a ring of wizardry (left hand)
 i - a ring of ice
 r - an amulet of reflection
Wands
 s - a wand of mindburst (12)
Scrolls
 b - a scroll of poison
 h - 2 scrolls of fog {unknown}
 j - a scroll of torment
 k - a scroll of magic mapping
 p - 3 scrolls of enchant weapon {unknown}
 q - a scroll of teleportation {unknown}
Potions
 l - a potion of resistance {unknown}
 m - a potion of heal wounds
 n - a potion of brilliance {unknown}
 o - 2 potions of might


   Skills:
 + Level 2.2 Fighting
 * Level 3.5 Ranged Weapons
 - Level 1.7 Dodging
 + Level 2.0 Spellcasting
 * Level 4.8 Hexes
 * Level 2.4 Fire Magic


You had one spell level left.
You knew the following spells:

 Your Spells              Type           Power      Damage    Failure   Level
a - Slow                  Hex            52%        N/A       1%          1
b - Inner Flame           Hex/Fire       10%        N/A       7%          3
d - Cause Fear            Hex            6%         N/A       14%         4

Your spell library contained the following spells:

 Spells                   Type           Power      Damage    Failure   Level
 Portal Projectile        Hex/Tloc       14%        N/A       12%         3


Dungeon Overview and Level Annotations

Branches:
Dungeon (4/15)
 Temple: D:4-7

Altars:
Vehumet

Shops:
D:1 [=(


Innate Abilities, Weirdness & Mutations

You cannot be hasted, slowed, berserked, paralysed or teleported.
You can dig through walls and to a lower floor.
You have a pair of large antennae on your head. (SInv)
Your four strong arms can wield two-handed weapons with a shield.


Message History

The orc wizard closely misses you. The orc priest barely misses you.
The orc wizard closely misses you.
Things that are here:
a +0 club; an adder corpse The orc wizard attacks as you move away!
The orc wizard hits you with a +0 dagger.
The orc wizard points at you and mumbles some strange words.
You are confused.
You're too confused to cast spells.
You are too confused!
You miss the orc priest.
The orc priest looks satisfied for a moment.
You shoot a sling bullet.
The orc wizard gestures wildly while chanting.
The orc wizard flickers and vanishes for a moment.
The orc priest mumbles some strange prayers to Beogh against you.
Pain shoots through your body!
The orc priest calls down the wrath of Beogh upon you.
Beogh smites you!
You shoot a sling bullet. The orc priest closely misses you.
You shoot a sling bullet.
The orc priest hits you with a +1 dagger of draining.
You feel drained.
You shoot a sling bullet.
You feel less confused.
The orc priest mumbles some strange prayers to Beogh against you.
Beogh smites you!
* * * LOW HITPOINT WARNING * * *
Casting: Slow (safe; 1% risk of failure)
Confirm with . or Enter, or press ? or * to list all spells.
The spell is quite dangerous to miscast (14% risk of failure)!
Continue anyway? [Y]es or [N]o only, please.
The spell is quite dangerous to miscast (14% risk of failure)!
Continue anyway?
Casting: Cause Fear (quite dangerous; 14% risk of failure)
Press: ? - help, Dir - look around, f - activate The orc wizard resists with some effort.
The orc priest resists with some effort.
The orc priest calls down the wrath of Beogh upon you.
Beogh smites you!
You die...

...........#####†#
####+#+##........#
#....#+##.########
#.###............#
#.###...#.######.#
#.#.....#.######.#
................o#
#.#...#.#.######o#
### #.###.#.#.#
#@# #<#
........#'######)#
#.#
#..............#.#
#.#
+..............#.#
#.#
#..............#.#
#.#
..........######.#
#.#
######.#+#######.#
#.#
.................#
#.#
######...........#
#.#


You could see an orc priest and an orc wizard (invisible).

Vanquished Creatures
  Ijyb (D:3)
  An orc wizard (D:3)
  A statue (D:3)
  4 adders (D:3)
  A worm (D:2)
  2 dart slugs
  8 orcs (D:3)
  7 bats
  4 endoplasms
  A giant cockroach (D:1)
  9 goblins
  9 hobgoblins
  6 jackals (D:1)
  9 kobolds
  4 quokkas
  5 ball pythons
  7 frilled lizards
  8 rats
87 creatures vanquished.

Notes
Turn   | Place    | Note
-------+----------+-------------------------------------------
     0 | D:1      | Bnni the Formicid Hexslinger began the quest for the Orb.
     0 | D:1      | Reached XP level 1. HP: 15/15 MP: 2/2
    89 | D:1      | Reached XP level 2. HP: 7/21 MP: 3/3
   252 | D:1      | Found a faded altar of an unknown god.
   368 | D:1      | Reached skill level 1 in Fire Magic
   398 | D:1      | Reached XP level 3. HP: 26/26 MP: 5/5
   415 | D:1      | Reached skill level 4 in Hexes
   474 | D:1      | Found Tegachue's Antique Armour Shoppe.
   590 | D:1      | Found Plog's Jewellery Boutique.
   608 | D:1      | Found Itsua's Weapon Emporium.
  1031 | D:2      | Reached XP level 4. HP: 24/33 MP: 6/6
  1035 | D:2      | Learned a level 3 spell: Inner Flame
  1677 | D:3      | Noticed Ijyb
  1681 | D:3      | Reached XP level 5. HP: 26/38 MP: 7/7
  1699 | D:3      | Killed Ijyb
  2540 | D:3      | Found a radiant altar of Vehumet.
  2543 | D:3      | Noticed a frost-covered statue
  2551 | D:3      | Killed a frost-covered statue
  2552 | D:3      | Reached XP level 6. HP: 44/44 MP: 9/9
  2558 | D:3      | Learned a level 4 spell: Cause Fear
  3000 | D:3      | Killed from afar by an orc priest

Illustrated notes

Levels and vault maps discovered:
D:1:      dpeg_arrival_refuge, layout_basic, nicolae_ecumenical_lake_church,
          serial_shops, nicolae_shop_advertising_works
          [nicolae_subvault_shop_adworks], shop_fountains, shop
D:2:      layout_basic
D:3:      layout_basic, vehumet_statue, guppyfry_early_orc_mine, uniq_ijyb
D:4:      layout_cave_pools, yredelemnul_altar_generic, serial_shops, shop,
          nicolae_shop_crystal, nicolae_shop_trees

Skill      XL: |  1  2  3  4  5 |
---------------+----------------+-----
Fire Magic     | 1 2 |  2.4
Hexes          | 4 |  4.8
Fighting       | 2 |  2.2
Ranged Weapons | 3 |  3.5
Spellcasting   | 2 |  2.0
Dodging        | |  1.7

Action                     |  1- 3 |  4- 6 || total
---------------------------+-------+-------++-------
  Melee: Sling             |       |     1 ||     1
   Fire: Sling             |   117 |   149 ||   266
  Throw: Dart              |       |     3 ||     3
   Cast: Slow              |     2 |     8 ||    10
         Inner Flame       |       |     1 ||     1
         Cause Fear        |       |     1 ||     1
    Use: Potion            |       |     3 ||     3
         Scroll            |       |     4 ||     4
 Armour: Robe              |    14 |    14 ||    28
  Dodge: Dodged            |    52 |    47 ||    99

Table legend: (Time is in decaauts)
 A = Elapsed time spent in this place.
 B = Non-inter-level travel time spent in this place.
 C = Inter-level travel time spent in this place.
 D = Time resting spent in this place.
 E = Time spent auto-exploring this place.
 F = Levels seen in this place.
 G = Mean time per level.
                   A        B        C        D        E       F      G
               +--------+--------+--------+--------+--------+-----+--------+
         Total |   3074 |   2978 |     96 |    162 |   2223 |   4 |  768.5 |
       Dungeon |   3074 |   2978 |     96 |    162 |   2223 |   4 |  768.5 |
               +--------+--------+--------+--------+--------+-----+--------+

Top non-repeatable levels by time:
     D:3: 1406 daAuts
     D:1: 1005 daAuts
     D:2: 649 daAuts
     D:4: 12 daAuts
